[Event "Titled Tuesday Blitz February 07 Late 2023"]
[White "Alexikov, Alexander"]
[Black "Klose, Eli"]
[WhiteFideId "14103958"]
[BlackFideId "16242955"]
[WhiteElo "2209"]
[BlackElo "1519"]
[Result "0-1"]
[Round "01"]
[TimeControl "180+2"]
[Date "2023.02.07"]
[WhiteClock "0:00:06"]
[BlackClock "0:00:16"]

1. e4 e6 2. d4 d5 3. Nc3 Bb4 4. Ne2 dxe4 5. a3 Bxc3+ 6. Nxc3 Nc6 7. Bb5 Ne7 8. Bg5 f6 9. Be3 a6 10. Bxc6+ Nxc6 11. Nxe4 O-O 12. Nc3 b6 13. Qd2 Bb7 14. O-O-O Ne7 15. f3 Rc8 16. Kb1 Qd7 17. Rhe1 Rfe8 18. h4 Nd5 19. Bf2 Nxc3+ 20. Qxc3 Bd5 21. h5 h6 22. Be3 Qf7 23. Rh1 Qd7 24. Rh4 Qc6 25. Qd2 Kf7 26. Rg4 Rg8 27. Rh1 a5 28. Rh3 a4 29. Qd3 Qc4 30. Qg6+ Ke7 31. Qh7 Qa2+ 32. Kc1 Qa1+ 33. Kd2 Qxb2 34. Rxg7+ Rxg7 35. Qxg7+ Kd6 36. Qxf6 Qxa3 37. Qxh6 Qb4+ 38. Ke2 a3 39. Qf4+ Kc6 40. h6 a2 41. Rh1 Rg8 42. Kf2 Qb2 43. g4 Qxc2+ 44. Kg3 Qb1 45. Rxb1 axb1=Q 46. h7 Qxh7 47. Qe5 Qh1 48. Bf4 Qxf3+ 49. Kh4 Qxg4# 0-1


[Site "https://www.chess.com"]

[Event "Titled Tuesday Blitz February 07 Late 2023"]
[White "Bujisho, Benjamin"]
[Black "Gardezi, Arsal"]
[WhiteFideId "608610"]
[BlackFideId "30949521"]
[WhiteElo "2338"]
[BlackElo "2093"]
[Result "1-0"]
[Round "01"]
[TimeControl "180+2"]
[Date "2023.02.07"]
[WhiteClock "0:00:32"]
[BlackClock "0:00:05"]

1. d4 Nf6 2. c4 e6 3. Nc3 d5 4. cxd5 exd5 5. Bg5 c6 6. e3 Bd6 7. Bd3 Nbd7 8. Nge2 Nf8 9. Bh4 Ng6 10. Bg3 O-O 11. O-O Re8 12. Rb1 Ne4 13. Nxe4 dxe4 14. Bc4 Be6 15. Qb3 Bxc4 16. Qxc4 h5 17. b4 h4 18. Bxd6 Qxd6 19. h3 Ne7 20. b5 cxb5 21. Rxb5 Rac8 22. Qb3 Nc6 23. Rxb7 Rf8 24. Rb5 a6 25. Rg5 Qf6 26. Rg4 Na5 27. Qd5 Nc4 28. Nf4 Rfd8 29. Nh5 Qh6 30. Qf5 Nd6 31. Qg5 Qxg5 32. Rxg5 g6 33. Nf4 Kg7 34. Ra5 Rc6 35. Rb1 Nc4 36. Ra4 Nd2 37. Rd1 Nc4 38. d5 Rc5 39. Rc1 Rdc8 40. Rxa6 1-0


[Site "https://www.chess.com"]

[Event "Titled Tuesday Blitz February 07 Late 2023"]
[White "Mione, Dario"]
[Black "Tarhan, Adar"]
[WhiteFideId "806625"]
[BlackFideId "34544712"]
[WhiteElo "2228"]
[BlackElo "2314"]
[Result "1-0"]
[Round "01"]
[TimeControl "180+2"]
[Date "2023.02.07"]
[WhiteClock "0:00:10"]
[BlackClock "0:00:03"]

1. Nf3 Nc6 2. c4 e5 3. Nc3 Nf6 4. g3 d5 5. cxd5 Nxd5 6. Bg2 Be6 7. O-O Nb6 8. a3 Qd7 9. b4 f6 10. d3 h5 11. h4 Bh3 12. Be3 Be7 13. Ne4 g5 14. hxg5 fxg5 15. Nexg5 Bxg2 16. Kxg2 h4 17. Rh1 O-O-O 18. Nf7 h3+ 19. Kh2 Nd5 20. Nxd8 Nxd8 21. Bg5 Bxg5 22. Nxg5 Nf6 23. f3 Rh5 24. Qd2 Qd4 25. Rhf1 Nc6 26. Ne4 Nd5 27. g4 Rh8 28. Qe1 Qe3 29. Qf2 Qh6 30. Rg1 Nd4 31. g5 Qf8 32. Rae1 Qf4+ 33. Qg3 Qe3 34. Qg4+ Kb8 35. g6 Nf4 36. g7 Rg8 37. Qg5 Nde6 38. Qf6 a6 39. Qf7 Qd4 40. Qxg8+ 1-0


[Site "https://www.chess.com"]

[Event "Titled Tuesday Blitz February 07 Late 2023"]
[White "Diaz Perez, Michel Alejandro"]
[Black "Jeziel_Vale"]
[WhiteFideId "3517179"]
[WhiteElo "2414"]
[BlackElo "2276"]
[Result "1-0"]
[Round "01"]
[TimeControl "180+2"]
[Date "2023.02.07"]
[WhiteClock "0:01:11"]
[BlackClock "0:00:08"]

1. Nf3 Nf6 2. c4 g6 3. b3 Bg7 4. Bb2 O-O 5. g3 d6 6. d4 Nbd7 7. Bg2 e5 8. O-O c6 9. dxe5 Ng4 10. Nc3 Ndxe5 11. Nxe5 Nxe5 12. Qd2 Qe7 13. Rad1 Rd8 14. h3 f5 15. e4 Be6 16. f4 Nf7 17. Rfe1 Qc7 18. Kh2 h5 19. exf5 Bxf5 20. Ne4 Bxe4 21. Bxe4 h4 22. gxh4 Bxb2 23. Qxb2 d5 24. cxd5 Qxf4+ 25. Kh1 Qxh4 26. Qg2 g5 27. dxc6 bxc6 28. Bxc6 Rac8 29. Bd5 Rxd5 30. Qxd5 Qxh3+ 31. Kg1 Rc2 32. Rd2 Qg3+ 33. Kf1 Qf4+ 34. Ke2 Qh2+ 35. Kd1 Rxd2+ 36. Qxd2 Qxd2+ 37. Kxd2 Kg7 38. Re7 g4 39. Rxa7 Kg6 40. Rxf7 Kxf7 41. Ke3 Ke6 42. Kf4 1-0


[Site "https://www.chess.com"]

[Event "Titled Tuesday Blitz February 07 Late 2023"]
[White "Toktomushev, Teimur"]
[Black "Chylewski, Patryk"]
[WhiteFideId "14176726"]
[BlackFideId "1186191"]
[WhiteElo "2239"]
[BlackElo "2281"]
[Result "0-1"]
[Round "01"]
[TimeControl "180+2"]
[Date "2023.02.07"]
[WhiteClock "0:00:01"]
[BlackClock "0:00:44"]

1. d4 Nf6 2. c4 e6 3. Nf3 b6 4. g3 Bb7 5. Bg2 c5 6. d5 exd5 7. Nh4 g6 8. O-O Bg7 9. Nc3 O-O 10. cxd5 d6 11. e4 Re8 12. Qc2 Na6 13. a3 Nc7 14. Nf3 b5 15. Nd2 c4 16. Nd1 Ng4 17. h3 Ne5 18. a4 a6 19. f4 Nd3 20. Kh2 h5 21. Nf2 Nb4 22. Qb1 Bd4 23. Nf3 Bg7 24. Bd2 a5 25. axb5 Nxb5 26. Rc1 Qc7 27. Be3 c3 28. bxc3 Nxc3 29. Qb3 Bxd5 30. Qa3 Bxe4 31. Bd4 Bxd4 32. Nxd4 Bxg2 33. Kxg2 Qb7+ 34. Kh2 Ne2 35. Nxe2 Rxe2 36. Rf1 Rc8 37. Rad1 Rcc2 0-1


[Site "https://www.chess.com"]

[Event "Titled Tuesday Blitz February 07 Late 2023"]
[White "Saveliev, Alexei"]
[Black "Talbi, Chafik"]
[WhiteFideId "24128546"]
[BlackFideId "7903715"]
[WhiteElo "2385"]
[BlackElo "2224"]
[Result "0-1"]
[Round "01"]
[TimeControl "180+2"]
[Date "2023.02.07"]
[WhiteClock "0:01:31"]
[BlackClock "0:00:28"]

1. c4 d6 2. Nc3 e5 3. e3 g6 4. d4 Bg7 5. Nf3 Nc6 6. Be2 Nf6 7. O-O O-O 8. b3 exd4 9. exd4 Re8 10. h3 Bf5 11. Be3 Ne4 12. Nxe4 Bxe4 13. Rc1 a5 14. d5 Bxf3 15. Bxf3 Ne5 16. Be2 b6 17. Qd2 Qh4 18. Rfe1 h6 19. Kh2 Kh7 20. g3 Qf6 21. Kg2 Nd7 22. Bd3 Nc5 23. Bc2 Ne4 24. Bxe4 Rxe4 25. a3 Rae8 26. b4 axb4 27. axb4 Qb2 28. Rc2 Qe5 29. c5 bxc5 30. bxc5 Qf5 31. cxd6 cxd6 32. Rc6 Bf8 33. Ra1 R4e5 34. Rd1 Qe4+ 35. Kh2 Qf3 36. Rc4 Rxe3 37. fxe3 Rxe3 38. Rc2 Qxg3+ 39. Kh1 Qxh3+ 40. Kg1 Rg3+ 41. Qg2 Rxg2+ 42. Rxg2 Bg7 43. Rf1 Bd4+ 0-1


[Site "https://www.chess.com"]

[Event "Titled Tuesday Blitz February 07 Late 2023"]
[White "Vaglio Munoz, Jaime"]
[Black "Olenik Campa, Rudi"]
[WhiteFideId "6500145"]
[BlackFideId "14633264"]
[WhiteElo "2174"]
[BlackElo "2356"]
[Result "0-1"]
[Round "01"]
[TimeControl "180+2"]
[Date "2023.02.07"]
[WhiteClock "0:00:02"]
[BlackClock "0:00:09"]

1. d4 e6 2. g3 c5 3. c3 Nf6 4. Bg2 Nc6 5. e4 d5 6. e5 Nd7 7. f4 Qb6 8. Nf3 Be7 9. a3 f6 10. b4 cxd4 11. cxd4 O-O 12. Qd3 fxe5 13. fxe5 Ndxe5 14. dxe5 Nxe5 15. Nxe5 Qf2+ 16. Kd1 Qxg2 17. Re1 Qxh2 18. Nc3 Bf6 19. Ra2 Qh5+ 20. Qe2 Qh3 21. Qe3 d4 22. Qxd4 Rd8 23. Qxd8+ Bxd8 24. Re3 Bf6 25. Ne2 b6 26. b5 Bb7 27. Rd2 Bd5 28. Nf4 Qf1+ 29. Re1 Qxb5 30. Nxd5 exd5 31. Bb2 Qb3+ 32. Kc1 Rc8+ 33. Kb1 d4 34. Nd3 Qc4 35. Rc1 Qe6 36. Re1 Qf5 37. Ka1 a5 38. Ree2 b5 39. Rf2 Qg6 40. Nf4 Qf5 41. Nd3 Qh5 42. Rg2 Qh1+ 43. Ka2 b4 44. axb4 axb4 45. Kb3 Qh5 46. Nxb4 Qf7+ 47. Ka4 Ra8+ 48. Kb5 Qb7+ 49. Kc4 Rc8+ 50. Kb3 Qf3+ 51. Ka4 Ra8+ 52. Kb5 Qf1+ 53. Rge2 Rb8+ 54. Kc4 d3 55. Nxd3 Bxb2 56. Rxb2 Rxb2 57. Rxb2 Qf7+ 58. Kc3 h6 59. Rb8+ Kh7 60. Rb4 Qf6+ 61. Kd2 h5 62. Rf4 Qg5 0-1


[Site "https://www.chess.com"]

[Event "Titled Tuesday Blitz February 07 Late 2023"]
[White "Korchmar, Vasiliy"]
[Black "Tinmaz, Kerem"]
[WhiteFideId "24131750"]
[BlackFideId "44559151"]
[WhiteElo "2438"]
[BlackElo "2177"]
[Result "1-0"]
[Round "01"]
[TimeControl "180+2"]
[Date "2023.02.07"]
[WhiteClock "0:02:00"]
[BlackClock "0:00:30"]

1. e4 c6 2. d4 d5 3. e5 Bf5 4. Nd2 e6 5. Nb3 Nd7 6. Nf3 h6 7. Be2 c5 8. dxc5 a6 9. Nbd4 Ne7 10. b4 a5 11. c3 b6 12. c6 Nb8 13. b5 Qc7 14. O-O Bg4 15. Ba3 Ng6 16. Bxf8 Kxf8 17. Re1 Bxf3 18. Nxf3 Nxe5 19. Nxe5 Qxe5 20. c4 dxc4 21. Qd8# 1-0


[Site "https://www.chess.com"]

[Event "Titled Tuesday Blitz February 07 Late 2023"]
[White "Djabri,Massinas"]
[Black "Czernek, Tymon"]
[WhiteFideId "7905726"]
[BlackFideId "1199510"]
[WhiteElo "2231"]
[BlackElo "2314"]
[Result "0-1"]
[Round "01"]
[TimeControl "180+2"]
[Date "2023.02.07"]
[WhiteClock "0:00:16"]
[BlackClock "0:00:16"]

1. d4 d5 2. c4 e6 3. Nc3 Nf6 4. Bg5 dxc4 5. e4 c5 6. dxc5 Qxd1+ 7. Rxd1 Bxc5 8. Bxc4 O-O 9. Nf3 h6 10. Bh4 Bb4 11. Bd3 Nbd7 12. O-O Nc5 13. e5 Bxc3 14. bxc3 Nd5 15. c4 Nc3 16. Be7 Nxd1 17. Bxc5 Nb2 18. Bxf8 Kxf8 19. Be2 Ke7 20. Nd2 b6 21. Rb1 Na4 22. Ne4 Bb7 23. Nd6 Nc3 24. Rb2 Nxe2+ 25. Rxe2 Ba6 26. f4 Rd8 27. Kf2 Rd7 28. Ke3 Rc7 29. Kd4 Rc5 30. Re3 Ra5 31. a3 f6 32. h4 h5 33. Rg3 Kf8 34. Rc3 Rc5 35. g3 Ke7 36. Re3 Bc8 37. Rc3 Bd7 38. Re3 Bc6 39. Rd3 Bg2 40. Rd2 Bf3 41. Rd3 Ba8 42. Re3 Bg2 43. Rc3 Ba8 44. Re3 Bg2 45. Re2 Ba8 46. Rb2 Bf3 47. Rb5 Rc7 48. a4 Bc6 49. Rb4 Bd7 50. Ke4 Rc5 51. Kd4 Bc6 52. Ne4 Bxe4 53. Kxe4 fxe5 54. fxe5 Ra5 55. Kd4 Kd7 56. Ke4 Kc6 57. Kd4 Rc5 58. Ke4 Ra5 59. Kf4 Kc5 60. Rb5+ Rxb5 61. cxb5 Kd5 62. Kg5 Kxe5 63. Kxh5 Kf6 64. Kg4 Kg6 65. Kf4 Kf6 66. g4 Kg6 67. Ke4 Kf6 68. h5 Kg5 69. Kf3 e5 70. Kg3 e4 71. Kh3 e3 72. Kg3 e2 73. Kf2 Kxg4 74. Kxe2 Kxh5 75. Ke3 Kg5 76. Kf3 Kf5 77. Kg3 Ke5 78. Kg4 Kd4 79. Kg5 Kc4 80. Kg6 Kb4 81. Kxg7 Kxa4 82. Kf6 Kxb5 0-1


[Site "https://www.chess.com"]

[Event "Titled Tuesday Blitz February 07 Late 2023"]
[White "Aldokhin, Ivan"]
[Black "Stolz, Mike"]
[WhiteFideId "24115720"]
[BlackFideId "4617134"]
[WhiteElo "2413"]
[BlackElo "2330"]
[Result "1-0"]
[Round "01"]
[TimeControl "180+2"]
[Date "2023.02.07"]
[WhiteClock "0:01:00"]
[BlackClock "0:01:21"]

1. e4 c5 2. Nf3 e6 3. d4 c4 4. Bxc4 d5 5. exd5 exd5 6. Bb5+ Bd7 7. Bxd7+ Nxd7 8. O-O Ngf6 9. Re1+ Be7 10. Qe2 Ne4 11. Nbd2 Ndf6 12. Qb5+ Qd7 13. Qxd7+ Kxd7 14. Nxe4 Nxe4 15. Ne5+ Ke8 16. f3 Nd6 17. Nd3 f6 18. Nf4 Nf5 19. Nxd5 Rd8 20. Nxe7 Nxe7 21. Be3 Kf7 22. c4 Nf5 23. Rad1 Rhe8 24. Kf2 Re7 25. g4 Nxe3 26. Rxe3 Red7 27. d5 Rc7 28. b3 a6 29. d6 Rc6 30. Re7+ Kg6 31. d7 Rc7 32. Ke3 f5 33. Rd6+ 1-0


[Site "https://www.chess.com"]

[Event "Titled Tuesday Blitz February 07 Late 2023"]
[White "Herbst, Richard"]
[Black "Khripachenko, Alexander"]
[WhiteFideId "2041251"]
[BlackFideId "54184975"]
[WhiteElo "2120"]
[BlackElo "2110"]
[Result "0-1"]
[Round "01"]
[TimeControl "180+2"]
[Date "2023.02.07"]
[WhiteClock "0:00:14"]
[BlackClock "0:01:57"]

1. e4 c5 2. Nf3 d6 3. d4 cxd4 4. Nxd4 Nf6 5. Nc3 a6 6. Be3 e6 7. a3 Qc7 8. g4 b5 9. g5 Nfd7 10. h4 Bb7 11. Bg2 Ne5 12. Qe2 Nc4 13. Bc1 Nd7 14. f4 Rc8 15. Rh3 Be7 16. b3 Nxa3 17. Bxa3 b4 18. Bxb4 Qb6 19. Ba3 Qxd4 20. Bb2 Qb4 21. Ra4 Qb6 22. Qe3 Nc5 23. Ra1 O-O 24. Kd1 Rfd8 25. Na4 Qc7 26. Nxc5 dxc5+ 27. Ke1 c4 28. Qc3 f6 29. bxc4 Qxc4 30. Qxc4 Rxc4 31. gxf6 Bxf6 32. Bxf6 gxf6 33. Rd3 Rdc8 34. Rb1 Bxe4 35. Bxe4 Rxe4+ 36. Kf2 Rxf4+ 37. Kg3 Rfc4 38. Rb7 R4c7 39. Rd7 Rxb7 40. Rxb7 Rc6 41. h5 Rxc2 42. h6 Rc5 43. Rg7+ Kf8 44. Rxh7 a5 45. Ra7 Rh5 46. h7 a4 47. Ra8+ Kg7 48. Ra7+ Kg6 49. Rxa4 Rxh7 50. Rg4+ Kf7 51. Ra4 Rh5 52. Ra7+ Kg6 53. Ra6 e5 54. Ra4 Rh7 55. Kg4 f5+ 56. Kf3 Kg5 57. Ra1 Rh3+ 58. Kg2 Rb3 59. Kf2 e4 60. Ke2 Kf4 61. Ke1 Ke3 62. Ra2 Rb1# 0-1


[Site "https://www.chess.com"]

[Event "Titled Tuesday Blitz February 07 Late 2023"]
[White "Cori T., Deysi"]
[Black "Floresvillar Gonzalez, Luis Migu"]
[WhiteFideId "3801934"]
[BlackFideId "5100542"]
[WhiteElo "2362"]
[BlackElo "2043"]
[Result "1-0"]
[Round "01"]
[TimeControl "180+2"]
[Date "2023.02.07"]
[WhiteClock "0:01:17"]
[BlackClock "0:00:27"]

1. d4 d5 2. Nf3 c6 3. c4 Nf6 4. Nc3 dxc4 5. a4 Bf5 6. e3 e6 7. Bxc4 Bb4 8. O-O O-O 9. Qe2 Re8 10. e4 Bg4 11. e5 Nd5 12. Nxd5 exd5 13. Bd3 Nd7 14. h3 Bh5 15. Bf4 Nf8 16. g4 Bg6 17. h4 Bxd3 18. Qxd3 Ne6 19. Bg3 a5 20. Rac1 Qe7 21. Rc2 Rad8 22. b3 Rf8 23. Re2 Rde8 24. h5 h6 25. Nh4 Qg5 26. f3 Nf4 27. Bxf4 Qxh4 28. Kg2 f6 29. Rh1 Qxh1+ 30. Kxh1 fxe5 31. Bxe5 Rf7 32. f4 Ref8 33. f5 Be7 34. Qd2 Bb4 35. Qf4 Be7 36. Bd6 Bg5 37. Qg3 Rc8 38. Re6 Bf6 39. Qe3 b5 40. Re8+ 1-0


[Site "https://www.chess.com"]

[Event "Titled Tuesday Blitz February 07 Late 2023"]
[White "Ferriz Barrios, Andres"]
[Black "Goroshkov, Maksym"]
[WhiteFideId "5104467"]
[BlackFideId "14142716"]
[WhiteElo "2102"]
[BlackElo "2287"]
[Result "0-1"]
[Round "01"]
[TimeControl "180+2"]
[Date "2023.02.07"]
[WhiteClock "0:02:03"]
[BlackClock "0:02:26"]

1. d4 Nf6 2. Nf3 d6 3. Nc3 g6 4. Bf4 Bg7 5. e4 O-O 6. Qd2 c5 7. dxc5 dxc5 8. O-O-O Qxd2+ 9. Rxd2 Nc6 10. Bc4 Bg4 11. h3 Bxf3 12. gxf3 Nd4 13. Be2 Nh5 14. Be3 Rfd8 15. Nd5 e6 16. Ne7+ Kf8 17. c3 Nxe2+ 18. Rxe2 Kxe7 19. Bxc5+ Ke8 0-1


[Site "https://www.chess.com"]

[Event "Titled Tuesday Blitz February 07 Late 2023"]
[White "Atanasov, Anthony"]
[Black "Ward, Ieuan C"]
[WhiteFideId "2623897"]
[BlackFideId "406627"]
[WhiteElo "2368"]
[BlackElo "2028"]
[Result "1-0"]
[Round "01"]
[TimeControl "180+2"]
[Date "2023.02.07"]
[WhiteClock "0:00:03"]
[BlackClock "0:00:21"]

1. d4 Nf6 2. Nf3 e6 3. Bf4 d5 4. e3 Bd6 5. Nbd2 c5 6. c3 Nc6 7. Bg3 O-O 8. Bd3 a6 9. a4 Re8 10. Ne5 cxd4 11. exd4 Qc7 12. Qe2 Bxe5 13. dxe5 Nd7 14. Nf3 f6 15. exf6 e5 16. f7+ Kxf7 17. Ng5+ Ke7 18. Qh5 Nd8 19. Qxh7 Kd6 20. Qg6+ Re6 21. Qxg7 Re7 22. Qg6+ Ne6 23. Nf7+ Kc6 24. Bf5 Nf8 25. Nxe5+ Qxe5+ 26. Bxe5 Nxg6 27. Bxg6 Nf4 28. O-O-O Rxe5 29. Bc2 Nxg2 30. Rhg1 Nf4 31. Rg7 Bg4 32. Rxg4 Rf8 33. Rd2 Ne2+ 34. Kb1 Rxf2 35. Rg6+ Kc7 36. Rg7+ Kb8 37. Rg8+ Ka7 38. Ka1 Rxh2 39. Bd3 Rh1+ 40. Ka2 Nf4 41. Bc2 Ne2 42. Bb3 Nc1+ 43. Ka3 Nxb3 44. Kxb3 Rh4 45. Rg7 Ree4 46. Rxd5 Rxa4 47. Rdd7 Ra5 48. Rxb7+ Ka8 49. Ra7+ Kb8 50. Rab7+ Ka8 51. Ra7+ Kb8 52. Rgb7+ Kc8 53. Rg7 Rb5+ 54. Kc2 Rh8 55. Ra8+ Rb8 56. Rxa6 Rh2+ 57. Kd3 Rhxb2 58. Rh6 1-0


[Site "https://www.chess.com"]

[Event "Titled Tuesday Blitz February 07 Late 2023"]
[White "Zampronha, Wladimir Camilo"]
[Black "Ladan, Nicholas"]
[WhiteFideId "2103087"]
[BlackFideId "30918855"]
[WhiteElo "2176"]
[BlackElo "2228"]
[Result "0-1"]
[Round "01"]
[TimeControl "180+2"]
[Date "2023.02.07"]
[WhiteClock "0:00:09"]
[BlackClock "0:00:10"]

1. e4 e5 2. Nf3 Nc6 3. d4 exd4 4. Nxd4 Bc5 5. Be3 Qf6 6. c3 Nge7 7. Bc4 b6 8. O-O O-O 9. Qd2 Bb7 10. b4 Bxd4 11. cxd4 Rfd8 12. Nc3 Nxb4 13. Bg5 Qd6 14. Nb5 Qc6 15. Bxe7 Qxe4 16. f3 Qxe7 17. Rfe1 Qf8 18. Rac1 c6 19. Nc3 d5 20. Bf1 a5 21. Re5 Re8 22. Rce1 Rxe5 23. dxe5 Qc5+ 24. Kh1 Re8 25. Na4 Qc2 26. Qxc2 Nxc2 27. Rc1 Ne3 28. Nxb6 Nxf1 29. Rxf1 Rxe5 30. Nd7 Re7 31. Nc5 Bc8 32. Rb1 Kf8 33. g4 Ke8 34. Rb6 h5 35. Rxc6 Kd8 36. Rd6+ Kc7 37. Rxd5 hxg4 38. fxg4 Bxg4 39. Kg2 Re3 40. Rg5 Bh3+ 41. Kf2 Ra3 42. Rxg7 Kc6 43. Nd3 Rxa2+ 44. Kg1 Be6 45. Nf4 a4 46. h4 Rb2 47. Nxe6 fxe6 48. Ra7 Rb4 49. h5 Rh4 50. Kg2 Kb5 51. Rh7 a3 52. Kg3 Rh1 53. Kg2 a2 54. Kxh1 a1=Q+ 55. Kh2 Qb2+ 56. Kh1 Qb1+ 57. Kh2 Qxh7 0-1


[Site "https://www.chess.com"]

[Event "Titled Tuesday Blitz February 07 Late 2023"]
[White "Sielecki, Christof"]
[Black "Barash, Anton"]
[WhiteFideId "4620437"]
[BlackFideId "30935229"]
[WhiteElo "2419"]
[BlackElo "2074"]
[Result "1-0"]
[Round "01"]
[TimeControl "180+2"]
[Date "2023.02.07"]
[WhiteClock "0:02:24"]
[BlackClock "0:01:12"]

1. e4 e6 2. d4 d5 3. Nd2 Be7 4. Bd3 c5 5. dxc5 Nf6 6. Qe2 O-O 7. Ngf3 a5 8. c3 Na6 9. e5 Nd7 10. h4 Ndxc5 11. Bxh7+ Kxh7 12. Ng5+ Kg8 13. Qh5 Bxg5 14. hxg5 Re8 15. Qh8# 1-0


[Site "https://www.chess.com"]

[Event "Titled Tuesday Blitz February 07 Late 2023"]
[White "Tobares, Leandro"]
[Black "Chor, Kevin"]
[WhiteFideId "106402"]
[BlackFideId "2090740"]
[WhiteElo "2189"]
[BlackElo "1944"]
[Result "1-0"]
[Round "01"]
[TimeControl "180+2"]
[Date "2023.02.07"]
[WhiteClock "0:00:56"]
[BlackClock "0:00:05"]

1. d4 Nf6 2. c4 g6 3. Nc3 Bg7 4. e4 d6 5. Nf3 O-O 6. Be2 e5 7. O-O Na6 8. Be3 Ng4 9. Bg5 f6 10. Bc1 f5 11. h3 Nf6 12. dxe5 Nxe4 13. Nxe4 fxe4 14. Qd5+ Kh8 15. Qxe4 Bf5 16. Qxb7 Nc5 17. Qd5 Be4 18. Qd1 dxe5 19. Be3 Nd3 20. Ng5 Bf5 21. g4 Qe7 22. gxf5 e4 23. fxg6 Nxb2 24. Qd5 hxg6 25. Qxe4 Qxe4 26. Nxe4 Rae8 27. Ng5 Rf5 28. h4 Na4 29. Rad1 Nc3 30. Rd2 Ra5 31. Bf3 Nxa2 32. Bd5 Nc3 33. Nf7+ Kh7 34. Ng5+ Kh8 35. Ne6 Bf6 36. Bd4 Nxd5 37. cxd5 Bxd4 38. Rxd4 c6 39. Nc7 Rd8 40. d6 c5 41. Rd5 Ra1 42. Rxa1 1-0


[Site "https://www.chess.com"]

[Event "Titled Tuesday Blitz February 07 Late 2023"]
[White "Karas, Marek"]
[Black "Clawitter, Craig"]
[WhiteFideId "14928558"]
[BlackFideId "2023105"]
[WhiteElo "2227"]
[BlackElo "2050"]
[Result "0-1"]
[Round "01"]
[TimeControl "180+2"]
[Date "2023.02.07"]
[WhiteClock "0:01:42"]
[BlackClock "0:02:04"]

1. e4 e6 2. d4 d5 3. e5 c5 4. c3 Qb6 5. Nf3 Nc6 6. Bd3 cxd4 7. cxd4 Bd7 8. O-O Nxd4 9. Nxd4 Qxd4 10. Nc3 a6 11. Qe2 Ne7 12. Kh1 Nc6 13. f4 Nb4 14. Rd1 Bc5 15. Bxh7 Qf2 16. Qxf2 Bxf2 17. Bb1 Ke7 18. a3 Rxh2+ 19. Kxh2 Rh8+ 0-1


[Site "https://www.chess.com"]

[Event "Titled Tuesday Blitz February 07 Late 2023"]
[White "Ardila, Oscar Humberto"]
[Black "Sourath Biswas"]
[WhiteFideId "4404742"]
[BlackFideId "35091484"]
[WhiteElo "1982"]
[BlackElo "2281"]
[Result "0-1"]
[Round "01"]
[TimeControl "180+2"]
[Date "2023.02.07"]
[WhiteClock "0:01:21"]
[BlackClock "0:02:31"]

1. Nf3 Nf6 2. d4 g6 3. g3 Bg7 4. Bg2 O-O 5. O-O d6 6. Bg5 c5 7. e3 Nc6 8. Bxf6 Bxf6 9. c3 Qb6 10. Qe2 a5 11. Na3 a4 12. Nc4 Qa6 13. Rfe1 b5 14. Ncd2 a3 15. b3 b4 16. Qxa6 Bxa6 17. cxb4 Nxb4 18. Rec1 Rac8 19. Nb1 cxd4 20. Rxc8 Rxc8 21. Nxa3 dxe3 22. Re1 exf2+ 23. Kxf2 Nd3+ 24. Kf1 Nxe1+ 25. Kxe1 Rc1+ 26. Kf2 Ra1 27. Nc4 Rxa2+ 28. Kg1 Bxc4 29. bxc4 Rc2 30. Bf1 e6 31. h4 d5 32. cxd5 exd5 33. g4 h6 34. Bg2 d4 35. Ne1 Rc1 36. Kf1 Bxh4 0-1


[Site "https://www.chess.com"]

[Event "Titled Tuesday Blitz February 07 Late 2023"]
[White "Czopor, Maciej"]
[Black "Smith, Garrett L"]
[WhiteFideId "21805431"]
[BlackFideId "2024829"]
[WhiteElo "2385"]
[BlackElo "2047"]
[Result "1-0"]
[Round "01"]
[TimeControl "180+2"]
[Date "2023.02.07"]
[WhiteClock "0:00:42"]
[BlackClock "0:00:59"]

1. c4 c5 2. Nc3 Nc6 3. b3 g6 4. h4 Nf6 5. e3 Bg7 6. Bb2 d6 7. h5 Nxh5 8. Rxh5 gxh5 9. Qxh5 Be6 10. O-O-O Qd7 11. Be2 h6 12. Nf3 O-O-O 13. d4 Bf5 14. dxc5 Bg6 15. Qh2 Nb4 16. a3 Bxc3 17. axb4 Bxb2+ 18. Kxb2 Qe6 19. Nd4 Qf6 20. cxd6 Rxd6 21. Bg4+ Kb8 22. c5 e5 23. cxd6 exd4 24. d7+ Ka8 25. Rxd4 Rd8 26. Qc7 a6 27. Bf3 1-0


[Site "https://www.chess.com"]

[Event "Titled Tuesday Blitz February 07 Late 2023"]
[White "Guzman Moneo, Alberto"]
[Black "Al-Tarboush, Ward"]
[WhiteFideId "2209616"]
[BlackFideId "7601450"]
[WhiteElo "2170"]
[BlackElo "2256"]
[Result "1/2-1/2"]
[Round "01"]
[TimeControl "180+2"]
[Date "2023.02.07"]
[WhiteClock "0:00:57"]
[BlackClock "0:00:15"]

1. e4 c5 2. Nc3 Nc6 3. Bb5 e5 4. Nf3 d6 5. O-O Nf6 6. d3 Be7 7. Bg5 O-O 8. Bxf6 Bxf6 9. Nd5 a6 10. Bxc6 bxc6 11. Nxf6+ Qxf6 12. Nd2 Be6 13. b3 d5 14. Qe2 Qg5 15. Qe3 Qxe3 16. fxe3 f5 17. exf5 Bxf5 18. e4 Be6 19. Rxf8+ Rxf8 20. Rf1 Rxf1+ 21. Kxf1 Kf7 22. c4 Kf6 23. Kf2 Bg4 24. exd5 cxd5 25. cxd5 Bf5 26. Ne4+ Ke7 27. Ke3 a5 28. h3 Bc8 29. g4 h6 30. Kd2 h5 31. gxh5 Bxh3 32. Nxc5 Kd6 33. Nb7+ Kxd5 34. Nxa5 Bg4 35. h6 gxh6 36. Nc4 Be6 37. b4 h5 38. a3 h4 39. Ne3+ Kd4 40. Nc2+ Kd5 41. Ke2 Bd7 42. Kf3 Ba4 43. Ne3+ Kd4 44. Nf5+ Kxd3 45. Nxh4 Bc6+ 46. Kf2 Kd2 47. Nf5 Kc3 48. Ke3 Kb3 49. Ne7 Bb7 50. b5 Kxa3 51. Nc6 Ka4 52. Nxe5 Kxb5 1/2-1/2


[Site "https://www.chess.com"]

[Event "Titled Tuesday Blitz February 07 Late 2023"]
[White "Koc, Przemyslaw"]
[Black "lisjakzlatko1"]
[WhiteFideId "1109081"]
[WhiteElo "2346"]
[BlackElo "2213"]
[Result "1-0"]
[Round "01"]
[TimeControl "180+2"]
[Date "2023.02.07"]
[WhiteClock "0:01:10"]
[BlackClock "0:00:07"]

1. d4 d5 2. Nf3 Nc6 3. b3 Bg4 4. Bb2 e6 5. e3 Nf6 6. h3 Bh5 7. g4 Bg6 8. Ne5 Nxe5 9. dxe5 h5 10. exf6 gxf6 11. gxh5 Bxh5 12. Be2 Bg6 13. Nd2 Bd6 14. Nf3 c6 15. Qd2 Qe7 16. O-O-O O-O-O 17. h4 e5 18. Rdg1 Bb4 19. c3 Bc5 20. Ne1 d4 21. exd4 exd4 22. cxd4 Bb4 23. Qd1 Qd6 24. Nc2 Qf4+ 25. Kb1 Rhe8 26. Rxg6 fxg6 27. Nxb4 Qe4+ 28. Bd3 Qf4 29. Bxg6 1-0


[Site "https://www.chess.com"]

[Event "Titled Tuesday Blitz February 07 Late 2023"]
[White "mestrefeitosa19"]
[Black "Shapiro, Viktor"]
[BlackFideId "4175700"]
[WhiteElo "2209"]
[BlackElo "2192"]
[Result "0-1"]
[Round "01"]
[TimeControl "180+2"]
[Date "2023.02.07"]
[WhiteClock "0:00:22"]
[BlackClock "0:01:00"]

1. c4 Nf6 2. Nc3 c5 3. Nf3 Nc6 4. e3 g6 5. d4 Bg7 6. d5 Na5 7. Be2 O-O 8. O-O d6 9. a3 a6 10. Bd2 b5 11. b4 cxb4 12. axb4 Nxc4 13. Nxb5 Nb6 14. Nbd4 Nfxd5 15. e4 Nc7 16. Rc1 Bb7 17. Qc2 Rc8 18. Qd3 Qd7 19. Rc2 Ne6 20. Nxe6 Qxe6 21. Rfc1 Bxe4 22. Rxc8 Bxd3 23. Rxf8+ Bxf8 24. Bxd3 h6 25. Bxa6 g5 26. Be3 Nd5 27. Bc4 Qf5 28. Nd4 Qe4 29. Bxd5 Qxd5 30. h3 e5 31. Nc6 Qb5 32. Bd2 Kg7 33. Nd8 Be7 34. Nc6 Bf6 35. Na7 Qe2 36. Be1 Qa2 37. Nc8 Qb2 38. Rd1 Qc2 0-1


[Site "https://www.chess.com"]